 Dungeon Crawl Stone Soup version 0.26-a0-1021-gda264ca44c (webtiles) character file.

Game seed: 16318280572074307633

1250 lunkers the Firebug (level 8, -2/67 HPs)
             Began as an Ogre Fire Elementalist on Dec 8, 2020.
             Slain by a bullfrog (3 damage)
             ... on level 6 of the Dungeon.
             The game lasted 00:09:57 (6545 turns).

lunkers the Firebug (Ogre Fire Elementalist)        Turns: 6545, Time: 00:09:58

Health: -2/67      AC:  3    Str: 13    XL:     8   Next: 50%
Magic:  5/16       EV: 10    Int: 18    God:
Gold:   439        SH:  0    Dex:  9    Spells: 12/17 levels left

rFire    . . .     SeeInvis .   v - +4 trident
rCold    . . .     Faith    .   (no shield)
rNeg     . . .     Spirit   .   a - +0 robe
rPois    .         Reflect  .   (helmet restricted)
rElec    .         Harm     .   (no cloak)
rCorr    .         Rampage  .   (gloves unavailable)
Will     .....                  (boots unavailable)
Stlth    +.........             (no amulet)
HPRegen  0.21/turn              (no ring)
MPRegen  0.15/turn              (no ring)

@: no status effects
A: large, unfitting armour, tough skin 1
a: no special abilities


You were on level 6 of the Dungeon.
You visited 1 branch of the dungeon, and saw 6 of its levels.
You also visited: Sewer.

You collected 439 gold pieces.

Inventory:

Hand Weapons
 s - a +1 dagger of speed
 t - a +1 vorpal flail
 v - a +4 trident (weapon)
Missiles
 u - 5 curare-tipped darts
Armour
 a - a +0 robe (worn)
Jewellery
 i - an uncursed ring of positive energy {unknown}
 k - an uncursed ring of positive energy {unknown}
Wands
 r - a wand of disintegration (11)
 w - a wand of digging (5)
Scrolls
 d - a scroll of magic mapping {unknown}
 f - 2 scrolls of immolation {unknown}
 h - 4 scrolls of remove curse {unknown}
 j - 7 scrolls of identify {unknown}
 p - a scroll of fear {unknown}
 y - a scroll of blinking {unknown}
 z - a scroll of teleportation {unknown}
 B - a scroll of amnesia {unknown}
Potions
 b - 7 potions of curing {unknown}
 c - 2 potions of haste {unknown}
 e - 2 potions of brilliance {unknown}
 g - 2 potions of mutation {unknown}
 l - a potion of berserk rage {unknown}
 m - 3 potions of heal wounds {unknown}
 n - 3 potions of flight {unknown}
 o - 2 potions of might {unknown}
 q - 3 potions of degeneration {unknown}
 x - a potion of lignification {unknown}
 A - a potion of invisibility {unknown}
 C - a potion of cancellation {unknown}


   Skills:
 - Level 1.7 Dodging
 - Level 1.4 Stealth
 + Level 5.4 Spellcasting
 * Level 5.7 Conjurations
 * Level 6.3 Fire Magic


You had 12 spell levels left.
You knew the following spells:

 Your Spells              Type           Power        Failure   Level
a - Foxfire               Conj/Fire      ####         1%          1
b - Sticky Flame          Conj/Fire      ####....     11%         4

Your spell library contained the following spells:

 Spells                   Type           Power        Failure   Level
 Conjure Flame            Conj/Fire      ####....     3%          3
 Inner Flame              Hex/Fire       ###.....     11%         3
 Beastly Appendage        Tmut           #.....       13%         1
 Wereblood                Tmut           #.......     19%         2
 Fireball                 Conj/Fire      ####......   28%         5
 Spider Form              Tmut/Pois      #.........   36%         3
 Ice Form                 Ice/Tmut       #.......     77%         4
 Blade Hands              Tmut           #.........   98%         5


Dungeon Overview and Level Annotations

Branches:
Dungeon (6/15)              Sewer (visited)
 Temple: D:4-7

Altars:
Cheibriados
Makhleb
Trog


Innate Abilities, Weirdness & Mutations

You are too large for most types of armour.
You have tough skin. (AC +1)


Message History

The foxfire hits the orc.
The orc is moderately wounded.
The foxfire hits the orc!
You kill the orc!
The orc wizard hits you but does no damage.
The bullfrog hits you!
* * * LOW HITPOINT WARNING * * *
The orc wizard casts a spell at you.
You easily resist.
Unknown command.
Unknown command.
Evoke which item? (* to show all) (? for menu, Esc to quit)
Aiming: Disintegrate
Press: ? - help, Shift-Dir - straight line, f - bullfrog
Aim: a bullfrog (moderately wounded, chance to resist: 35%)
The bullfrog is blasted!
The bullfrog hits you!
* * * LOW HITPOINT WARNING * * *
The orc wizard hits you but does no damage.
The bullfrog hits you.
You die...

#############
##.....#.....##
##.............## ##
#...............# #.
#....ยงยง.........# #.
#..))@..........#####.
....))....Fo..........##....
.....##.)...................
.... #............)...#....
... ##.............#####..
.. ##.....#.....## #.. .
######.....## #.#
.....#..######.#
................#


You could see a bullfrog and an orc wizard (fast).

Vanquished Creatures
  A water moccasin (Sewer)
  2 orc warriors
  A sky beast (D:5)
  An ogre (D:5)
  A scorpion (D:4)
  A water moccasin skeleton (D:6)
  2 howler monkeys (D:5)
  A hound (D:5)
  2 orc priests
  A centaur skeleton (D:6)
  4 orc wizards
  7 worker ants
  7 adders
  2 shadow imps (D:5)
  2 white imps (D:5)
  An ooze (D:1)
  2 worms
  5 dart slugs
  4 leopard geckos
  17 orcs
  7 bats
  2 giant cockroaches
  6 goblins
  5 hobgoblins
  9 jackals
  5 kobolds
  4 quokkas
  2 ball pythons (D:4)
  6 frilled lizards
  7 rats
117 creatures vanquished.

Vanquished Creatures (others)
  527 foxfires
  8 fungi (D:5)
  4 toadstools (D:5)
539 creatures vanquished.

Grand Total: 656 creatures vanquished

Notes
Turn   | Place    | Note
-------+----------+-------------------------------------------
     0 | D:1      | lunkers the Ogre Fire Elementalist began the quest for the
                  | Orb.
     0 | D:1      | Reached XP level 1. HP: 16/16 MP: 3/3
    19 | D:1      | Reached skill level 1 in Conjurations
   188 | D:1      | Reached XP level 2. HP: 24/24 MP: 0/5
   333 | D:1      | Reached skill level 3 in Fire Magic
   713 | D:1      | Reached XP level 3. HP: 31/31 MP: 4/7
  1191 | D:2      | Found a burning altar of Makhleb.
  1739 | D:3      | Found a glowing drain.
  1810 | Sewer    | Entered a sewer
  1816 | Sewer    | Reached XP level 4. HP: 36/39 MP: 5/8
  1823 | Sewer    | Learned a level 4 spell: Sticky Flame
  1963 | Sewer    | Noticed a water moccasin
  1971 | Sewer    | Killed a water moccasin
  1972 | Sewer    | Reached skill level 4 in Fire Magic
  1972 | Sewer    | Reached XP level 5. HP: 24/45 MP: 0/10
  2890 | D:4      | Noticed an orc warrior
  3045 | D:3      | Reached XP level 6. HP: 8/53 MP: 4/11
  3340 | D:4      | Killed an orc warrior
  4041 | D:4      | Reached XP level 7. HP: 59/59 MP: 6/13
  4305 | D:4      | Reached skill level 5 in Fire Magic
  4435 | D:4      | Found a snail-covered altar of Cheibriados.
  4838 | D:5      | Entered Level 5 of the Dungeon
  5607 | D:5      | Reached skill level 5 in Conjurations
  5607 | D:5      | Reached XP level 8. HP: 56/67 MP: 8/15
  5929 | D:5      | Reached skill level 5 in Spellcasting
  5946 | D:5      | Reached skill level 6 in Fire Magic
  6154 | D:6      | Found a bloodstained altar of Trog.
  6545 | D:6      | HP: 1/67 [bullfrog (7)]
  6545 | D:6      | Slain by a bullfrog

Illustrated notes

Levels and vault maps discovered:
D:1:      dpeg_arrival_stonehenge_12_columns, layout_basic
D:2:      layout_rooms, makhleb_grotto_becter, serial_glass, glass_columns_c,
          glass_columns_a, glass_columns_b, glass_columns_a, glass_columns_b,
          glass_columns_b, glass_columns_a, glass_columns_b, glass_columns_a,
          glass_columns_b, due_unseen_surprise
D:3:      layout_basic, cheibrodos_sewer_entry_sluice
D:4:      layout_cave_pods, chequers_arboretum, kennysheep_slug_shrine
D:5:      kennysheep_big_flooded_room, layout_loops_cross,
          minmay_gold_behind_fungi
D:6:      layout_rooms, bloody_trog

Skill      XL: |  1  2  3  4  5  6  7  8 |
---------------+-------------------------+-----
Conjurations   | 1 2 3 5 |  5.7
Fire Magic     | 3 4 5 6 |  6.3
Spellcasting   | 3 4 5 |  5.4
Dodging        | |  1.7
Stealth        | |  1.4

Action                   |  1- 3 |  4- 6 |  7- 9 || total
-------------------------+-------+-------+-------++-------
Melee: Unarmed           |     8 |       |       ||     8
       Dagger            |       |     4 |    11 ||    15
       Trident           |       |       |    14 ||    14
 Cast: Foxfire           |    65 |   101 |   146 ||   312
Evoke: Wand              |       |     6 |     2 ||     8
 Stab: Sleeping          |       |       |     2 ||     2
Armor: Robe              |    15 |    17 |     9 ||    41
Dodge: Dodged            |    26 |    35 |    24 ||    85

Table legend: (Time is in decaauts)
 A = Elapsed time spent in this place.
 B = Non-inter-level travel time spent in this place.
 C = Inter-level travel time spent in this place.
 D = Time resting spent in this place.
 E = Time spent auto-exploring this place.
 F = Levels seen in this place.
 G = Mean time per level.
                   A        B        C        D        E       F      G
               +--------+--------+--------+--------+--------+-----+--------+
         Total |   6551 |   6421 |    130 |    576 |   4995 |   7 |  935.9 |
       Dungeon |   6200 |   6070 |    130 |    576 |   4692 |   6 | 1033.3 |
         Sewer |    350 |    350 |      0 |      0 |    303 |   1 |  350.0 |
               +--------+--------+--------+--------+--------+-----+--------+

Top non-repeatable levels by time:
     D:4: 1568 daAuts
     D:3: 1519 daAuts
     D:5: 1318 daAuts
     D:1: 858 daAuts
     D:2: 543 daAuts
     D:6: 391 daAuts
   Sewer: 350 daAuts
